 Dungeon Crawl Stone Soup version 0.31-a0-4-gefa6de2278 (webtiles) character file.

Game seed: 6086992040009660197

4403 snetch the Basher (level 10, -1/136 HPs)
             Began as a Minotaur Berserker on May 3, 2023.
             Was a High Priest of Trog.
             Slain by a wight
             ... wielding a +0 trident
              (12 damage)
             ... on level 8 of the Dungeon.
             The game lasted 00:19:44 (7357 turns).

snetch the Basher (Minotaur Berserker)              Turns: 7357, Time: 00:19:45

Health: -1/136     AC:  6    Str: 26    XL:     10   Next: 14%
Magic:  9/9        EV: 12    Int:  4    God:    Trog [*****.]
Gold:   305        SH:  0    Dex: 10    Spells: 9/9 levels left

rFire   . . .        b - +2 hand axe (heavy)
rCold   . . .        (no shield)
rNeg    . . .        J - +3 leather armour
rPois   +            q - +0 hat
rElec   .            (no cloak)
rCorr   .            (no gloves)
SInv    +            (no boots)
Will    ++...        (no amulet) Stlth
                     j - ring of poison resistance
HPRegen 1.42/turn    N - ring of see invisible
MPRegen 0.11/turn

%: no passive effects
@: berserking (expiring), strong-willed, regenerating, very quick
A: horns 2, retaliatory headbutt
a: Renounce Religion, Berserk, Trog's Hand, Brothers in Arms


You were on level 8 of the Dungeon.
You worshipped Trog.
Trog was extremely pleased with you.
You visited 2 branches of the dungeon, and saw 9 of its levels.
You also visited: Ossuary.

You collected 413 gold pieces.
You spent 108 gold pieces at shops.

Inventory:

Hand Weapons
 a - a +2 whip of electrocution
 b - a +2 heavy hand axe (weapon)
 m - a +0 halberd
 y - a +0 quarterstaff
 A - the +1 dagger "Hautowy" {venom, Contam rPois SInv}
   (You found it on level 5 of the Dungeon)

   rPois:     It protects you from poison.
   SInv:      It lets you see invisible.
   Contam:    It causes magical contamination when unequipped.
 E - a +1 whip of freezing
 M - a +0 hand axe
 O - a +0 morningstar
 S - a +0 war axe
 T - a +0 trident
Missiles
 d - 20 poisoned darts (quivered)
 e - 63 stones
 D - 8 boomerangs
 K - a throwing net
Armour
 p - a +0 chain mail
 q - a +0 hat (worn)
 J - a +3 leather armour (worn)
Jewellery
 j - a ring of poison resistance (left hand)
 N - a ring of see invisible (right hand)
 R - a +6 ring of dexterity
Wands
 I - a wand of flame (8)
 U - a wand of paralysis (9)
 V - a wand of polymorph (6)
Scrolls
 c - 4 scrolls of fog {unknown}
 i - 4 scrolls of torment {unknown}
 k - 3 scrolls of teleportation
 n - 2 scrolls of magic mapping
 o - a scroll of enchant armour
 r - a scroll of immolation {unknown}
 s - 2 scrolls of fear {unknown}
 t - 2 scrolls of noise {unknown}
 v - 5 scrolls of vulnerability
 x - 2 scrolls of enchant weapon {unknown}
 C - 2 scrolls of poison {unknown}
 F - 2 scrolls of summoning {unknown}
 L - a scroll of silence
 P - a scroll of blinking {unknown}
Potions
 f - 3 potions of magic {unknown}
 g - 3 potions of heal wounds {unknown}
 h - 2 potions of mutation
 l - 9 potions of curing {unknown}
 u - 3 potions of might
 w - a potion of lignification
 z - 2 potions of haste {unknown}
 B - 3 potions of attraction {unknown}
 G - a potion of berserk rage {unknown}
 H - 2 potions of flight {unknown}
 Q - a potion of resistance {unknown}


   Skills:
 + Level 9.2 Fighting
 + Level 5.8(9.3) Axes
 + Level 11.3(11.9) Maces & Flails
 + Level 3.6 Throwing
 + Level 7.1 Armour
 + Level 4.4 Dodging
 + Level 1.7 Stealth


You had 9 spell levels left.
You didn't know any spells.
Your spell library contained the following spells:

 Spells                   Type           Power      Damage    Failure   Level
 Lesser Beckoning         Tloc           0%         N/A       67%         2
 Gell's Gravitas          Tloc           0%         N/A       88%         3
 Teleport Other           Tloc           0%         N/A       88%         3


Dungeon Overview and Level Annotations

Branches:
Dungeon (8/15)             Temple (1/1) D:4         Ossuary (visited)
   Lair: D:8-11

Altars:
Ashenzari
Cheibriados
Dithmenos
Elyvilon
Fedhas
Gozag
Hepliaklqana
Kikubaaqudgha
Makhleb
Nemelex Xobeh
Okawaru
Qazlal
Ru
Sif Muna
Trog
Uskayaw
Vehumet
Wu Jian
Xom
Yredelemnul
Zin

Shops:
D:3 ?


Innate Abilities, Weirdness & Mutations

You have a pair of horns on your head.
You reflexively headbutt those who attack you in melee.


Message History

* * * LOW HITPOINT WARNING * * *
The wight barely misses you. The orc barely misses you.
You furiously retaliate!
You headbutt the orc!!
You kill the orc!
Trog accepts your kill.
You hear a shout!
You slash the wight! You headbutt the wight.
You destroy the wight!
Trog accepts your kill.
You barely miss the orc. You slash the howler monkey!
The howler monkey hits you.
* * * LOW HITPOINT WARNING * * *
The wight hits you from afar with a +0 trident.
* * * LOW HITPOINT WARNING * * *
The orc hits you with a +0 club.
* * * LOW HITPOINT WARNING * * *
Your life force feels restored.
You slash the wight!
The wight is almost destroyed.
You closely miss the orc. You closely miss the howler monkey.
The howler monkey hits you.
* * * LOW HITPOINT WARNING * * *
Unknown command.
You barely miss the wight. Your headbutt misses the wight.
The wight is almost destroyed.
You slash the orc!
You kill the orc!
Trog accepts your kill.
You hit the howler monkey.
The wight hits you from afar with a +0 trident.
* * * LOW HITPOINT WARNING * * *
The wight barely misses you. The howler monkey barely misses you.
You hit the wight.
You destroy the wight!
Trog accepts your kill.
You slash the howler monkey!
You kill the howler monkey!
Trog accepts your kill.
The wight hits you from afar with a +0 trident!
You die...

..........P.P.#
.........P...P#
..........P..P#
.........P...P#
............P.P
.....z.h.....P.
.......)†......
#....)@†......
##.##))†......
#.........
.....~....
...........
.........#..
.(........# .
...........#


You could see a howler monkey and a wight.

Vanquished Creatures
  Pikel (D:8)
  Sigmund (D:4)
  A wyvern (D:8)
  Eustachio (D:4)
  3 water moccasins
  Duvessa (D:7)
  4 sky beasts
  4 black bears
  An ice beast (D:7)
  2 centaurs
  A phantom (D:5)
  6 bullfrogs
  An elf skeleton (D:5)
  6 scorpions
  2 wights (D:8)
  Dowan (D:7)
  4 howler monkeys (D:8)
  4 human zombies
  5 orc priests
  A gnoll bouda (D:6)
  A human skeleton (D:5)
  4 orc wizards
  A sleepcap (D:6)
  5 iguanas
  2 mummies (Ossuary)
  Robin (D:2)
  6 adders
  8 gnolls
  2 shadow imps (D:7)
  3 white imps
  3 ufetubi
  2 adder zombies (Ossuary)
  2 worms
  3 dart slugs
  32 orcs
  4 endoplasms
  2 giant cockroaches
  14 hobgoblins
  3 kobolds
  3 quokkas
  5 ball pythons
  5 bats
  2 frilled lizards
  17 goblins
  2 goblin zombies (Ossuary)
  18 hobgoblin zombies (Ossuary)
  3 jackal zombies (Ossuary)
  6 kobold zombies (Ossuary)
  An orc skeleton (D:5)
  5 orc zombies
  7 rats
222 creatures vanquished.

Vanquished Creatures (others)
  A plant (D:8)
1 creature vanquished.

Grand Total: 223 creatures vanquished

Notes
Turn   | Place    | Note
-------+----------+-------------------------------------------
     0 | D:1      | snetch the Minotaur Berserker began the quest for the Orb.
     0 | D:1      | Reached XP level 1. HP: 19/19 MP: 0/0
     6 | D:1      | Noticed a scorpion
     6 | D:1      | Noticed a lindwurm
     6 | D:1      | Noticed a wolf
     6 | D:1      | Noticed a rime drake
     6 | D:1      | Noticed a black bear
   175 | D:1      | Reached XP level 2. HP: 27/27 MP: 1/1
   613 | D:3      | Found Xemp's Magic Scroll Shoppe.
   620 | D:3      | Bought a scroll of teleportation for 36 gold pieces
   646 | D:2      | Noticed Robin
   650 | D:2      | Reached ** piety under Trog
   656 | D:2      | Reached XP level 3. HP: 26/33 MP: 2/2
   658 | D:2      | Killed Robin
  1006 | D:3      | Reached XP level 4. HP: 41/41 MP: 3/3
  1183 | D:2      | Reached skill level 5 in Axes
  1299 | D:3      | Found a sparkling altar of Nemelex Xobeh.
  1299 | D:3      | Found an ancient bone altar of Kikubaaqudgha.
  1327 | D:3      | Reached skill level 5 in Fighting
  1331 | D:3      | You fall into a shaft and drop 1 floor!
  1364 | D:4      | Noticed Sigmund
  1378 | D:4      | Killed Sigmund
  1379 | D:4      | Reached skill level 2 in Maces & Flails
  1379 | D:4      | Reached XP level 5. HP: 49/49 MP: 4/4
  1379 | D:4      | Reached XP level 6. HP: 56/56 MP: 5/5
  1415 | D:4      | Noticed Eustachio
  1426 | D:4      | Reached skill level 3 in Maces & Flails
  1429 | D:4      | Killed Eustachio
  1430 | D:4      | Reached skill level 4 in Maces & Flails
  1602 | D:4      | Reached XP level 7. HP: 44/63 MP: 6/6
  1621 | D:5      | Entered Level 5 of the Dungeon
  1626 | D:5      | Reached skill level 5 in Maces & Flails
  1636 | D:5      | Identified the +1 dagger "Hautowy" {venom, Contam rPois
                  | SInv}
  1692 | D:5      | Reached skill level 6 in Maces & Flails
  1692 | D:5      | Reached skill level 1 in Throwing
  1699 | D:5      | Reached *** piety under Trog
  1733 | D:5      | Found a glowing silver altar of Zin.
  1873 | D:5      | Reached XP level 8. HP: 71/71 MP: 7/7
  1903 | D:5      | Found a sand-covered staircase.
  1912 | Ossuary  | Entered an ossuary
  2052 | Ossuary  | Reached **** piety under Trog
  2089 | Ossuary  | Reached skill level 7 in Maces & Flails
  3066 | D:3      | Bought a scroll of vulnerability for 48 gold pieces
  3066 | D:3      | Bought a scroll of identify for 24 gold pieces
  3270 | D:4      | Found a staircase to the Ecumenical Temple.
  3287 | Temple   | Entered the Ecumenical Temple
  3777 | D:5      | Found a shimmering blue altar of Sif Muna.
  3928 | D:5      | Reached skill level 5 in Armour
  4639 | D:6      | Reached skill level 8 in Maces & Flails
  4985 | D:6      | Reached skill level 9 in Maces & Flails
  5000 | D:6      | Reached XP level 9. HP: 65/79 MP: 8/8
  5040 | D:6      | Reached ***** piety under Trog
  5410 | D:6      | Found a broken altar of Ashenzari.
  5624 | D:7      | Noticed Duvessa
  5624 | D:7      | Noticed Dowan
  5633 | D:7      | Killed Duvessa
  5634 | D:7      | Killed Dowan
  5696 | D:8      | Noticed Pikel
  5713 | D:8      | Killed Pikel
  5714 | D:8      | Reached skill level 10 in Maces & Flails
  5857 | D:7      | Reached skill level 1 in Stealth
  5865 | D:7      | Found a stormy altar of Qazlal.
  5865 | D:7      | Found a radiant altar of Vehumet.
  6019 | D:7      | Found an iron altar of Okawaru.
  6019 | D:7      | Found a snail-covered altar of Cheibriados.
  6019 | D:7      | Found an opulent altar of Gozag.
  6019 | D:7      | Found a sacrificial altar of Ru.
  6020 | D:7      | Found a basalt altar of Yredelemnul.
  6020 | D:7      | Found a hide-covered altar of Uskayaw.
  6021 | D:7      | Found an ornate altar of the Wu Jian Council.
  6656 | D:7      | Found a bloodstained altar of Trog.
  7024 | D:7      | Reached skill level 11 in Maces & Flails
  7345 | D:8      | Reached XP level 10. HP: 84/90 MP: 9/9
  7357 | D:8      | Slain by a wight

Illustrated notes

Levels and vault maps discovered:
D:1:      onia_arrival_zoo_common, layout_rooms
D:2:      minmay_angry_zag, layout_basic, uniq_robin
D:3:      layout_basic, nicolae_overflow_two_pavilions, serial_shops, shop,
          nrook_campfire
D:4:      layout_loops_cross, minmay_temple_entry_junction, uniq_eustachio,
          uniq_sigmund
D:5:      layout_basic, mainiacjoe_overflow_surrounded_room,
          nicolae_overflow_hidden_temple, nicolae_ossuary_entry_catacombs
D:6:      layout_cave_pools, evilmike_ruin_ashenzari
D:7:      minmay_razor_zed, layout_layer_cave, kennysheep_mini_moat,
          nicolae_overflows_in_rows, uniq_duvessa
D:8:      layout_cave_pools, grunt_lair_entry_orc_guard_hut, uniq_pikel
Temple:   nicolae_temple_bog_church

Skill      XL: |  1  2  3  4  5  6  7  8  9 10 |
---------------+-------------------------------+-----
Axes           | 4 5 |  5.8
Fighting       | 4 5 6 7 8 9 |  9.2
Maces & Flails | 2 4 6 9 11 | 11.3
Armour         | 3 4 6 7 |  7.1
Dodging        | 3 4 |  4.4
Throwing       | 1 3 |  3.6
Stealth        | 1 |  1.7

Action                     |  1- 3 |  4- 6 |  7- 9 | 10-12 || total
---------------------------+-------+-------+-------+-------++-------
  Melee: Hand axe          |    71 |     4 |    20 |    11 ||   106
         Headbutt          |    11 |    11 |    64 |     3 ||    89
         Punch             |     1 |       |     4 |       ||     5
         Morningstar       |       |    73 |   231 |       ||   304
         Whip              |       |       |    70 |       ||    70
  Throw: Dart              |     1 |     9 |    18 |       ||    28
 Invoke: Berserk           |     1 |     1 |     2 |     1 ||     5
         Trog's Hand       |       |     2 |     1 |     1 ||     4
    Use: Scroll            |       |       |     6 |       ||     6
 Armour: Animal skin       |     3 |       |       |       ||     3
         Leather armour    |     2 |       |    26 |    13 ||    41
         Ring mail         |    14 |       |       |       ||    14
         Chain mail        |     9 |    41 |   115 |       ||   165
  Dodge: Dodged            |    37 |    53 |   161 |    24 ||   275

Table legend: (Time is in decaauts)
 A = Elapsed time spent in this place.
 B = Non-inter-level travel time spent in this place.
 C = Inter-level travel time spent in this place.
 D = Time resting spent in this place.
 E = Time spent auto-exploring this place.
 F = Levels seen in this place.
 G = Mean time per level.
                   A        B        C        D        E       F      G
               +--------+--------+--------+--------+--------+-----+--------+
         Total |   7427 |   6912 |    515 |      0 |   4863 |  10 |  742.7 |
       Dungeon |   6971 |   6474 |    497 |      0 |   4614 |   8 |  871.4 |
        Temple |    181 |    163 |     18 |      0 |    156 |   1 |  181.0 |
       Ossuary |    274 |    274 |      0 |      0 |     93 |   1 |  274.0 |
               +--------+--------+--------+--------+--------+-----+--------+

Top non-repeatable levels by time:
     D:7: 1720 daAuts
     D:5: 1397 daAuts
     D:6: 911 daAuts
     D:3: 848 daAuts
     D:4: 799 daAuts
     D:2: 713 daAuts
     D:1: 509 daAuts
 Ossuary: 274 daAuts
  Temple: 181 daAuts
     D:8: 70 daAuts
